AoeStats
← ME_DEPRIME_JUGAR_CON_USTEDES

African Clearing

506361921Analyzed
4v4 RM · 18d ago on Sep 13, 2026· 38m 36s· 8 players
Game mode
Random Map
Map size
Large (8 player)
Population
200
Speed
Normal
Resources
Standard
Victory
Conquest
Starting age
Dark Age
Ending age
Imperial Age
RankedLock teamsTeams togetherTeam positionsShared explorationLock speedFull tech treeHidden civsTurbo modeCheats
Victory
Defeat
🇨🇳 Berbers · China
1582
+14
🇨🇳 Poles · China
1538
+16
🇫🇷 Portuguese · France
1518
+16
🇪🇸 Mongols · Spain
1500
+17
🇧🇪 Magyars · Belgium
1558
-17
🇦🇷 Aztecs · Argentina
1546
-16
🇩🇪 Vikings · Germany
1525
-16
🇨🇱 Ethiopians · Chile
1497
-14
Melquiades3959
9:58 Loom
11:47 Feudal Age
12:24 Loom
12:33 Double-Bit Axe
15:51 Forging
16:25 Bloodlines
23:00 Castle Age
24:03 Bow Saw
26:45 Horse Collar
37:21 Fletching
malathrock
6:46 Loom
15:39 Feudal Age
21:18 Castle Age
19:16 Gold Mining
25:41 Imperial Age
24:29 Stone Mining
28:43 Fletching
33:55 Stone Shaft Mining
35:19 Conscription
35:38 Wheelbarrow
UU
3:59 Loom
13:25 Feudal Age
17:28 Castle Age
16:05 Double-Bit Axe
16:12 Horse Collar
19:06 Bow Saw
20:15 Bow Saw
22:34 Heavy Plow
23:43 Wheelbarrow
25:07 Gold Mining
27:41 Szlachta Privileges
28:30 Scale Barding Armor
28:32 Town Watch
30:14 Chain Barding Armor
30:18 Forging
30:10 Husbandry
30:43 Bloodlines
32:26 Hand Cart
36:36 Imperial Age
34:35 Fletching
35:41 Iron Casting
37:30 Ballistics
37:21 Masonry
36:43 Cavalier
38:25 Blast Furnace
37:17 Light Cavalry
Bo Zhi Shang
3:50 Loom
5:31 Loom
13:18 Feudal Age
18:14 Castle Age
16:58 Double-Bit Axe
17:26 Forging
17:27 Horse Collar
36:42 Bow Saw
39:10 Wheelbarrow
Malice
12:32 Feudal Age
12:26 Loom
15:23 Bloodlines
17:46 Scale Barding Armor
24:09 Castle Age
23:42 Double-Bit Axe
23:37 Horse Collar
24:53 Husbandry
24:17 Light Cavalry
29:28 Town Watch
30:45 Bow Saw
32:11 Chain Barding Armor
34:03 Wheelbarrow
38:44 Fletching
RagnarLogbrok
3:00 Loom
11:48 Feudal Age
13:27 Double-Bit Axe
17:01 Castle Age
16:27 Scale Mail Armor
16:46 Gold Mining
16:49 Man-at-Arms
17:40 Gambesons
20:17 Pikeman
26:28 Horse Collar
37:14 Town Watch
37:48 Stone Mining
38:25 Fletching
ME_DEPRIME_JUGAR_CON_USTEDES
6:02 Loom
12:58 Feudal Age
25:04 Castle Age
23:26 Double-Bit Axe
25:25 Scale Mail Armor
25:32 Eagle Warrior
28:26 Squires
30:07 Chain Mail Armor
32:02 Double-Bit Axe
32:53 Pikeman
34:01 Forging
34:26 Bow Saw
35:48 Wheelbarrow
36:53 Horse Collar
38:37 Gold Mining
Hennessy
5:57 Loom
13:19 Feudal Age
15:51 Town Watch
19:04 Castle Age
17:51 Fletching
18:20 Double-Bit Axe
20:24 Wheelbarrow
21:26 Crossbowman
24:19 Bodkin Arrow
24:13 Horse Collar
26:02 Bow Saw
27:18 Town Patrol
Connection lost

Rejoining the realm…

Still unreachable

The connection could not be restored.

Session expired

The server has moved on; the page needs a fresh start.